 Dungeon Crawl Stone Soup version 0.27.0-1-g7a089689b8 (webtiles) character file.

Game seed: 1860462985039303508

1589 pkoi the Shooter (level 8, -6/67 HPs)
             Began as a Minotaur Gladiator on Aug 2, 2021.
             Was a Priest of Fedhas.
             Mangled by a basilisk (8 damage)
             ... while petrified by a basilisk
             ... on level 7 of the Dungeon.
             The game lasted 00:08:11 (6260 turns).

pkoi the Shooter (Minotaur Gladiator)               Turns: 6260, Time: 00:08:12

Health: -6/67      AC:  4    Str: 20    XL:     8   Next: 61%
Magic:  10/10      EV:  2    Int:  5    God:    Fedhas [***...]
Gold:   246        SH:  0    Dex: 13    Spells: 7/7 levels left

rFire    . . .     SeeInvis .   a - +0 long sword
rCold    . . .     Faith    .   (no shield)
rNeg     + + +     Spirit   .   t - +0 leather armour
rPois    ∞         Reflect  .   c - +1 hat
rElec    .         Harm     .   (no cloak)
rCorr    .         Rampage  .   (no gloves)
Will     .....                  (no boots)
Stlth    +.........             p - amulet of magic regeneration
HPRegen  0.21/turn              e - ring of poison resistance
MPRegen  0.37/turn              (no ring)

@: petrified
A: horns 2, retaliatory headbutt
a: Renounce Religion, Wall of Briars, Grow Ballistomycete


You were on level 7 of the Dungeon.
You worshipped Fedhas.
Fedhas was most pleased with you.
You visited 1 branch of the dungeon, and saw 7 of its levels.

You collected 348 gold pieces.
You spent 102 gold pieces at shops.

Inventory:

Hand Weapons
 a - a +0 long sword (weapon)
 b - a +4 vorpal shortbow
Missiles
 d - 3 throwing nets
 h - 24 poisoned darts (quivered)
 k - 4 datura-tipped darts
 u - 29 arrows
Armour
 c - a +1 hat (worn)
 t - a +0 leather armour (worn)
Jewellery
 e - a ring of poison resistance (left hand)
 l - an amulet of faith
 p - an amulet of magic regeneration (around neck)
Wands
 m - a wand of flame (13)
 r - a wand of mindburst (5)
Scrolls
 f - 5 scrolls of teleportation
 i - 8 scrolls of identify
 n - a scroll of silence {unknown}
 s - a scroll of blinking
Potions
 g - 3 potions of flight {unknown}
 j - 3 potions of haste {unknown}
 o - 4 potions of resistance {unknown}
 q - a potion of berserk rage {unknown}
 v - a potion of magic {unknown}
 x - 2 potions of curing {unknown}
 z - a potion of ambrosia


   Skills:
 + Level 4.9 Fighting
 - Level 6.1 Long Blades
 + Level 6.2 Bows
 - Level 2.0 Throwing
 + Level 4.0 Armour
 + Level 5.1 Dodging
 - Level 5.0 Invocations


You had 7 spell levels left.
You didn't know any spells.
Your spell library contained the following spells:

 Spells                   Type           Power      Damage    Failure   Level
 Beastly Appendage        Tmut           0%         N/A       52%         1
 Summon Small Mammal      Summ           0%         N/A       52%         1
 Wereblood                Tmut           0%         N/A       67%         2
 Call Canine Familiar     Summ           0%         N/A       88%         3
 Spider Form              Tmut/Pois      0%         N/A       88%         3
 Stone Arrow              Conj/Erth      0%         3d7       88%         3
 Summon Guardian Golem    Hex/Summ       0%         N/A       88%         3
 Bolt of Magma            Conj/Fire/Erth 0%         4d4       100%        5
 Shatter                  Erth           0%         3d5*      100%        9


Dungeon Overview and Level Annotations

Branches:
Dungeon (7/15)             Temple (0/1) D:5

Altars:
Fedhas
Xom
Yredelemnul

Shops:
D:1 (   D:2 (

Annotations:
D:4 Sigmund
D:7 Pikel


Innate Abilities, Weirdness & Mutations

You have a pair of horns on your head.
You reflexively headbutt those who attack you in melee.


Message History

You resist with some effort.
A lemure comes into view.
The lemure shouts!
The lemure barely misses you. The white imp hits you.
The white imp freezes you. The basilisk bites you.
The lemure hits you but does no damage. The white imp hits you.
The white imp freezes you. The basilisk bites you! The lemure hits you.
The white imp hits you but does no damage.
The basilisk bites you!
* * * LOW HITPOINT WARNING * * *
The lemure hits you.
* * * LOW HITPOINT WARNING * * *
The white imp barely misses you. The basilisk gazes at you.
You resist with some effort. The lemure hits you.
* * * LOW HITPOINT WARNING * * *
The white imp gestures at you. The puff of frost hits you.
* * * LOW HITPOINT WARNING * * *
The basilisk bites you.
* * * LOW HITPOINT WARNING * * *
The lemure hits you.
* * * LOW HITPOINT WARNING * * *
The lemure hits you but does no damage. The white imp hits you.
* * * LOW HITPOINT WARNING * * *
The white imp freezes you.
* * * LOW HITPOINT WARNING * * *
The basilisk bites you.
* * * LOW HITPOINT WARNING * * *
The lemure hits you.
* * * LOW HITPOINT WARNING * * *
The lemure hits you.
* * * LOW HITPOINT WARNING * * *
The white imp hits you. The white imp freezes you.
* * * LOW HITPOINT WARNING * * *
The basilisk bites you!
You die...
Fedhas appreciates your contribution to the ecosystem.

.........
.........
#.......#
#.......#
##########........
.....55@.#........
.....Ol55#.......#
......5Ko#.......#
.......Z...(###..#
...........#(O.#
...........#..##
...........# #.#
............ #(#
...........#. #.#


You could see Pikel, a basilisk, an ogre, 4 lemures, a white imp, an orc and a
howler monkey skeleton.

Vanquished Creatures
  A hornet (D:4)
  Edmund (D:4)
  A sky beast (D:6)
  2 phantoms
  2 bullfrogs
  A wyvern zombie (D:6)
  A jelly (D:4)
  A howler monkey (D:6)
  4 centaur zombies (D:6)
  A bullfrog zombie (D:6)
  5 hounds
  A gnoll shaman (D:5)
  2 orc priests (D:6)
  3 orc wizards (D:5)
  3 iguanas
  A hound zombie (D:5)
  2 hound skeletons
  A howler monkey zombie (D:3)
  3 gnolls (D:5)
  4 adders
  An ufetubus (D:5)
  7 dart slugs
  7 orcs
  7 bats
  6 endoplasms
  11 hobgoblins
  4 jackals
  9 kobolds
  5 quokkas
  11 ball pythons
  2 frilled lizards
  8 goblins
  A jackal skeleton (D:4)
  2 jackal zombies (D:5)
  4 rats
125 creatures vanquished.

Vanquished Creatures (others)
  A plant (D:4)
1 creature vanquished.

Grand Total: 126 creatures vanquished

Notes
Turn   | Place    | Note
-------+----------+-------------------------------------------
     0 | D:1      | pkoi the Minotaur Gladiator began the quest for the Orb.
     0 | D:1      | Reached XP level 1. HP: 18/18 MP: 0/0
   154 | D:1      | Reached XP level 2. HP: 25/25 MP: 1/1
   396 | D:1      | Reached skill level 5 in Long Blades
   398 | D:1      | Reached XP level 3. HP: 26/30 MP: 2/2
   517 | D:1      | Found Gamupaw's Antique Weapon Shoppe.
   973 | D:2      | You fall into a shaft and drop 2 floors!
  1166 | D:4      | Found a shimmering altar of Xom.
  1247 | D:3      | Found a faded altar of an unknown god.
  1255 | D:3      | Became a worshipper of Fedhas Madash
  1255 | D:3      | Reached * piety under Fedhas
  1511 | D:3      | Reached XP level 4. HP: 30/37 MP: 3/3
  1857 | D:2      | Reached skill level 1 in Armour
  2024 | D:2      | Found Baereyr's Weapon Boutique.
  2104 | D:1      | Bought a glowing shortbow for 102 gold pieces
  2421 | D:3      | Reached ** piety under Fedhas
  2928 | D:4      | Noticed a hornet
  2930 | D:4      | Killed a hornet
  2931 | D:4      | Reached skill level 1 in Bows
  2931 | D:4      | Reached skill level 1 in Invocations
  2931 | D:4      | Reached XP level 5. HP: 45/45 MP: 3/5
  2931 | D:4      | Reached XP level 6. HP: 51/51 MP: 3/6
  3465 | D:4      | Noticed Edmund
  3478 | D:4      | Killed Edmund
  3479 | D:4      | Reached XP level 7. HP: 10/57 MP: 6/8
  3734 | D:4      | Noticed Sigmund
  3894 | D:5      | Entered Level 5 of the Dungeon
  3951 | D:5      | Found a staircase to the Ecumenical Temple.
  4667 | D:5      | Reached skill level 5 in Bows
  5357 | D:6      | Reached skill level 5 in Invocations
  5357 | D:6      | Reached XP level 8. HP: 63/63 MP: 10/10
  5521 | D:6      | Found a basalt altar of Yredelemnul.
  5621 | D:6      | Reached *** piety under Fedhas
  6042 | D:6      | Reached skill level 5 in Dodging
  6248 | D:7      | Noticed Pikel
  6260 | D:7      | HP: 3/67 [lemure[Pikel] (2)]
  6260 | D:7      | Mangled by a basilisk

Illustrated notes

Levels and vault maps discovered:
D:1:      dpeg_arrival_erosion, layout_rooms, serial_shops, nicolae_diamond_shop
D:2:      layout_rooms, serial_shops, shop_fountains
D:3:      layout_loops_corners, chequers_ecumenical_altar_simple
D:4:      layout_basic, mainiacjoe_overflow_tiny_flanked, grunt_ministairs_3,
          corner_web_ring, sigmund_edmund_badplayer
D:5:      layout_basic, minmay_temple_entry_large_hall, enter_ossuary_3,
          kennysheep_nub
D:6:      layout_loops_ring, nicolae_yredelemnul_corpse_copse
D:7:      layout_gridville, minitemple, minmay_manual_mail, uniq_pikel

Skill      XL: |  1  2  3  4  5  6  7  8 |
---------------+-------------------------+-----
Long Blades    | 4 5 6 |  6.1
Armour         | 2 4 |  4.0
Fighting       | 3 4 |  4.9
Bows           | 1 3 5 6 |  6.2
Dodging        | 4 5 |  5.1
Invocations    | 1 3 5 |  5.0
Throwing       | |  2.0

Action                   |  1- 3 |  4- 6 |  7- 9 || total
-------------------------+-------+-------+-------++-------
Melee: Long sword        |    76 |    59 |    77 ||   212
       Headbutt          |    18 |    11 |    23 ||    52
 Fire: Shortbow          |       |    22 |    84 ||   106
Evoke: Wand              |       |     4 |       ||     4
  Use: Scroll            |       |       |     7 ||     7
 Stab: Sleeping          |     1 |     1 |       ||     2
Armor: Leather armour    |    12 |    10 |    34 ||    56
Dodge: Dodged            |    60 |    43 |    79 ||   182
       Rpst.: Long sword |    18 |     8 |    12 ||    38
